Map: Catalyst LE

Players

kiwian - Winner!

  • Race: Terran Terran
  • League: Grandmaster
  • Spawn Location: 11:00

Roelu

  • Race: Zerg Zerg
  • League: Diamond
  • Spawn Location: 5:00

VOD

Have the link to the VOD?

Description

Time

  • Played on: March 31, 2018, 10:18 p.m.
  • Length: 9:53
Show
View Real Time Build Order
Export as new Build Order

kiwian Terran - Winner!

Build Orders: Hellion Opening, Reaper Expand, MMM Bio 

Get SALT Encoding   

  12  0:00  SCV  
  13  0:13  SCV  
  14  0:18  Supply Depot  
  14  0:25  SCV  
  14  0:28  Refinery  
  15  0:39  SCV  
  16  0:45  Barracks  
  16  0:51  SCV  
  17  1:04  SCV  
  18  1:16  SCV  
  19  1:32  Orbital Command, Reaper  
  20  1:44  Command Center  
  20  1:54  Factory  
  20  1:58  SCV  
  21  2:03  Refinery  
  21  2:08  Barracks Reactor  
  21  2:10  SCV  
  22  2:17  Supply Depot  
  22  2:22  SCV  
  23  2:38  SCV  
  23  2:39  Starport  
  24  2:48  Hellion x2  
  24  2:50  SCV  
  28  3:01  Orbital Command  
  28  3:10  Hellion x2  
  32  3:17  Viking  
  34  3:20  Barracks Tech Lab  
  34  3:22  SCV  
  36  3:27  SCV  
  36  3:34  SCV  
  36  3:39  SCV, Marauder, Hellion  
  42  3:43  Hellion  
  42  3:46  Supply Depot  
  44  3:49  Medivac  
  46  3:58  Armory  
  46  4:07  SCV x2  
  48  4:10  Supply Depot  
  48  4:12  Hellion x2  
  48  4:14  Liberator  
  53  4:30  Command Center  
  52  4:32  Marine  
  56  4:40  SCV x2  
  58  4:52  SCV x2  
  54  5:04  SCV  
  54  5:05  SCV  
  54  5:06  Barracks Tech Lab  
  50  5:13  Siege Tank  
  47  5:16  SCV  
  47  5:17  SCV, Barracks  
  47  5:19  Barracks  
  47  5:25  Engineering Bay  
  47  5:27  Engineering Bay  
  47  5:29  SCV x2  
  49  5:41  SCV x2  
  49  5:42  Refinery  
  51  5:43  Refinery, Marine  
  51  5:44  Stimpack  
  51  5:45  Orbital Command, Siege Tank  
  55  5:50  Starport Reactor  
  55  5:55  SCV  
  55  5:56  SCV  
  57  6:03  Engineering Bay  
  57  6:06  Barracks  
  57  6:07  SCV, Barracks Reactor  
  57  6:08  Barracks, Marine x2  
  57  6:09  Marine  
  57  6:25  Marine  
  57  6:26  Marine  
  57  6:27  Marine  
  57  6:29  Siege Tank  
  63  6:32  Terran Infantry Weapons Level 1  
  63  6:33  Terran Infantry Armor Level 1  
  63  6:43  Marine x2  
  63  6:44  Medivac  
  63  6:45  Marine  
  68  6:49  Marine  
  68  6:50  Supply Depot  
  68  6:52  Marine, Medivac  
  72  6:57  Barracks Reactor  
  73  7:01  Marine x2  
  73  7:02  Marine  
  73  7:07  Marine  
  77  7:11  Marine  
  77  7:15  Supply Depot x2  
  78  7:19  Barracks Reactor, Marine x2, Medivac  
  78  7:20  Marine  
  82  7:27  Supply Depot x2  
  82  7:28  Marine  
  82  7:29  Marine  
  84  7:35  Siege Tank  
  84  7:36  Marine x2  
  84  7:37  Marine x2  
  84  7:38  Marine  
  84  7:42  Orbital Command  
  87  7:46  Marine  
  87  7:47  Marine  
  87  7:48  Orbital Command  
  76  7:54  Marine x2  
  76  7:55  Marine x2  
  76  7:56  Marine  
  76  7:57  Marine x2  
  83  8:02  Combat Shields  
  83  8:04  Marine  
  83  8:05  Marine  
  85  8:11  Marine x2, Siege Tank  
  85  8:12  Marine x2  
  90  8:14  Marine  
  90  8:15  Marine x2  
  90  8:18  Refinery  
  94  8:22  Marine  
  94  8:23  Marine  
  96  8:29  Marine x2  
  96  8:30  Marine x2  
  96  8:31  Marine  
  96  8:33  Marine x2  
  103  8:40  Marine  
  103  8:41  Marine  
  105  8:47  Marine x2  
  105  8:48  Marine x2  
  107  8:49  Marine  
  107  8:50  Marine  
  107  8:51  Marine  
  107  8:54  Supply Depot  
  107  8:55  Supply Depot  
  112  8:58  Marine x2  
  114  9:05  Marine x2  
  115  9:16  Siege Tank, Medivac x2  
  122  9:17  Marine x7  
  122  9:23  Supply Depot, Marine x2  
  131  9:35  Marine x5  
  141  9:53  Supply Depot  
Show
View Real Time Build Order
Export as new Build Order

Roelu Zerg 

Build Orders: Hatch First 

Get SALT Encoding   

  12  0:00  Drone  
  13  0:12  Overlord  
  13  0:17  Drone  
  14  0:31  Drone x2  
  14  0:34  Drone  
  17  0:52  Hatchery  
  17  0:55  Drone  
  17  0:59  Drone  
  18  1:08  Extractor  
  17  1:14  Spawning Pool  
  17  1:17  Drone  
  17  1:20  Drone  
  18  1:27  Drone  
  19  1:38  Overlord  
  21  2:01  Zergling x4, Queen  
  21  2:03  Queen  
  21  2:06  Drone  
  26  2:08  Metabolic Boost  
  26  2:12  Drone  
  27  2:21  Extractor, Drone  
  27  2:22  Drone  
  28  2:25  Drone  
  29  2:36  Drone  
  30  2:43  Drone  
  30  2:44  Overlord  
  31  2:47  Drone  
  32  3:00  Drone x2  
  32  3:04  Drone  
  35  3:06  Roach Warren  
  35  3:08  Drone  
  35  3:12  Drone  
  36  3:15  Drone x5  
  36  3:16  Drone  
  42  3:23  Drone  
  42  3:26  Overlord  
  43  3:27  Extractor  
  43  3:34  Drone  
  43  3:37  Drone  
  44  3:43  Overlord  
  44  3:46  Drone x2  
  44  3:47  Drone x3  
  49  3:50  Roach  
  49  3:54  Roach  
  52  4:03  Roach  
  52  4:05  Lair  
  52  4:06  Roach  
  52  4:08  Roach  
  58  4:13  Extractor  
  58  4:14  Overlord  
  57  4:17  Overlord  
  57  4:18  Overlord  
  57  4:36  Roach x5  
  67  4:44  Overlord x2  
  67  4:45  Roach  
  69  4:56  Roach  
  66  5:05  Roach x8  
  72  5:17  Glial Reconstitution  
  72  5:20  Drone x3  
  75  5:26  Roach  
  77  5:31  Roach  
  77  5:33  Ravager x5  
  77  5:34  Overlord  
  83  5:47  Spore Crawler  
  82  6:02  Roach x7  
  91  6:05  Overlord x2  
  91  6:18  Overlord x2  
  91  6:23  Roach x2  
  91  6:24  Ravager x2  
  91  6:25  Ravager x4  
  99  6:26  Ravager  
  99  6:32  Roach x2  
  108  6:47  Roach x5  
  108  6:51  Overlord  
  114  6:56  Ravager x2  
  114  6:57  Roach  
  113  7:16  Pneumatized Carapace  
  113  7:23  Hatchery  
  106  7:32  Ravager x3  
  106  7:33  Roach x3  
  105  7:51  Roach x6  
  98  7:59  Roach x3  
  98  8:01  Drone  
  105  8:10  Ravager  
  105  8:11  Ravager  
  104  8:22  Drone x5  
  104  8:25  Queen  
  111  8:28  Queen  
  113  8:43  Ravager  
  113  8:45  Ravager x2  
  113  8:46  Roach x4  
  122  8:52  Overlord x2  
  122  8:57  Drone x3  
  125  9:11  Zergling x12  
  131  9:17  Ravager x3  
  131  9:18  Ravager x2  
  131  9:21  Overlord x2  
Tags
 
Add a new tag
Caveats
  • Supply blocks, unpowered buildings, or Contaminate may cause inaccurate times.
  • Supply counts are checked every 10 seconds.